AoeStats
← MatzeAoE

Black Forest

505832369Analyzed
1v1 RM · 22d ago on Sep 11, 2026· 36m 59s· 2 players
Game mode
Random Map
Map size
Tiny (2 player)
Population
200
Speed
Normal
Resources
Standard
Victory
Conquest
Starting age
Dark Age
Ending age
Imperial Age
RankedLock teamsTeams togetherTeam positionsShared explorationLock speedFull tech treeHidden civsTurbo modeCheats
Victory
Defeat
🇧🇪 Khitans · Belgium
2249
+11
🇩🇪 Jurchens · Germany
2142
-11
MatzeAoE
10:57 Feudal Age
11:07 Man-at-Arms
11:37 Double-Bit Axe
13:33 Horse Collar
15:47 Wheelbarrow
20:32 Castle Age
20:39 Bloodlines
20:49 Scale Barding Armor
22:11 Bow Saw
22:36 Light Cavalry
28:05 Siege Engineers
30:35 Gold Mining
30:35 Stone Mining
34:23 Imperial Age
33:24 Scale Mail Armor
33:34 Forging
34:25 Squires
34:43 Chain Mail Armor
34:24 Elite Fire Lancer
34:57 Town Watch
35:56 Iron Casting
37:08 Conscription
36:49 Fortified Bastions
36:53 Fletching
38:11 Chemistry
danger_noodle42
11:04 Feudal Age
12:14 Double-Bit Axe
13:17 Loom
17:06 Castle Age
15:15 Domestication
18:05 Bow Saw
18:22 Pastoralism
20:25 Town Watch
21:52 Gold Mining
31:22 Imperial Age
29:45 Fletching
30:30 Wheelbarrow
30:38 Scale Mail Armor
30:52 Treadmill Crane
31:46 Chain Mail Armor
31:34 Devotion
31:30 Heavy Rocket Cart
32:21 Siege Engineers
35:08 Conscription
35:07 Thumb Ring
34:58 Bodkin Arrow
36:24 Heavy Cavalry Archer
37:30 Parthian Tactics
Connection lost

Rejoining the realm…

Still unreachable

The connection could not be restored.

Session expired

The server has moved on; the page needs a fresh start.